 Dungeon Crawl Stone Soup version 0.27-a0-1281-ge233d83751 (console) character file.

Game seed: 2718352609737114528

6678 Hector the Cleaver (level 10, -25/79 HPs)
             Began as a Palentonga Abyssal Knight on June 14, 2021.
             Was an Elder of Lugonu.
             Annihilated by a boulder beetle (32 damage)
             ... on level 8 of the Dungeon.
             The game lasted 00:38:35 (9890 turns).

Hector the Cleaver (Palentonga Abyssal Knight)      Turns: 9890, Time: 00:38:35

Health: -25/79     AC: 27    Str: 29 (31) XL:     10   Next: 73%
Magic:  6/15       EV:  3    Int:  4 (7)  God:    Lugonu [****..]
Gold:   442        SH:  0    Dex:  4 (5)  Spells: 9/9 levels left

rFire    . . .     SeeInvis +   a - +7 war axe {vamp, rElec rPois Int-5 Dex-5}
rCold    . . .     Faith    .   (no shield)
rNeg     . . .     Spirit   .   d - +0 crystal plate armour
rPois    +         Reflect  .   h - +1 helmet
rElec    +         Harm     .   e - +0 cloak
rCorr    .         Rampage  .   g - +0 pair of gloves
Will     .....                  (no barding)
Stlth    ..........             (no amulet)
HPRegen  0.23/turn              A - +6 ring of strength
MPRegen  0.14/turn              s - +6 ring of strength

@: studying Air Magic, curled up
A: large, rugged brown scales 3, see invisible, deformed body, roll 1, armoured
tail, reflexive curl
a: Rolling Charge, Renounce Religion, Depart the Abyss, Bend Space, Banish,
Corrupt


You were on level 8 of the Dungeon.
You worshipped Lugonu.
Lugonu was greatly pleased with you.
You visited 1 branch of the dungeon, and saw 8 of its levels.
You visited the Abyss 1 time.
You also visited: Sewer.

You collected 497 gold pieces.
You spent 55 gold pieces at shops.

Inventory:

Hand Weapons
 a - the +7 war axe "Ytivup" (weapon) {vamp, rElec rPois Int-5 Dex-5}
   (You found it on level 6 of the Dungeon)

   It inflicts no extra harm, but heals its wielder when it wounds a living foe.
   It affects your intelligence (-5).
   It affects your dexterity (-5).
   It insulates you from electricity.
   It protects you from poison.
 b - a +1 war axe of flaming
 u - a +2 vorpal hunting sling
 x - a +0 vorpal hunting sling
 B - the +7 great mace "Undeadhunter" {disrupt, rN+}
   (You found it on level 4 of the Dungeon)

   It protects you from negative energy.
 H - a +0 hand crossbow
 N - a +2 flail of holy wrath
 T - a +2 hand axe of flaming
 U - a +1 hand axe of freezing
Missiles
 i - 355 stones
 q - 3 boomerangs
 y - 15 poisoned darts
 C - 3 javelins
 Z - a throwing net
Armour
 d - a +0 crystal plate armour (worn)
 e - a +0 cloak (worn)
 g - a +0 pair of gloves (worn)
 h - a +1 helmet (worn)
 w - a +1 scale mail of cold resistance
 O - a +2 ring mail of positive energy
Jewellery
 f - a ring of positive energy
 s - a +6 ring of strength (right hand)
 A - a +6 ring of strength (left hand)
Wands
 p - a wand of digging (5)
 F - a wand of charming (8)
 P - a wand of flame (17)
Scrolls
 l - 2 scrolls of magic mapping
 m - a scroll of enchant weapon
 o - 2 scrolls of blinking
 r - 2 scrolls of identify
 J - a scroll of acquirement
 L - 7 scrolls of teleportation
 W - a scroll of enchant armour
Potions
 c - a potion of resistance {unknown}
 j - 2 potions of heal wounds {unknown}
 k - a potion of might {unknown}
 n - 2 potions of haste {unknown}
 t - 6 potions of curing {unknown}
 v - a potion of lignification {unknown}
 z - a potion of invisibility {unknown}
 D - a potion of ambrosia {unknown}
 E - 2 potions of brilliance {unknown}
 Q - a potion of flight {unknown}
 R - 2 potions of degeneration
 Y - a potion of cancellation {unknown}


   Skills:
 + Level 5.4 Fighting
 * Level 11.4 Axes
 * Level 7.8 Armour
 + Level 0.7 Dodging
 * Level 7.0 Invocations


You had 9 spell levels left.
You didn't know any spells.
Your spell library was empty.

Dungeon Overview and Level Annotations

Branches:
Dungeon (8/15)             Temple (0/1) D:5           Sewer (visited)
   Lair: D:8-11

Altars:
Nemelex Xobeh
Yredelemnul

Shops:
D:2 ?

Annotations:
D:8 1 runed translucent door
Abyss:1 Erica, Sigmund


Innate Abilities, Weirdness & Mutations

You are completely covered in rugged brown scales. (AC +3, +7% HP)
You have supernaturally acute eyesight. (SInv)
Armour fits poorly on your strangely shaped body.
You can roll at nearby foes to attack.
You have a long armoured tail.
You curl defensively after being hit.


Message History

The boulder beetle is heavily wounded.
Your crystal plate armour prevents you from hitting the cyclops.
The cyclops barely misses you.
The boulder beetle bites you but does no damage.
You hit the boulder beetle but do no damage.
You tail-slap the boulder beetle, but do no damage.
The boulder beetle is heavily wounded.
You slash the cyclops!
You kill the cyclops!
Lugonu accepts your kill.
The boulder beetle leaps!
Your Axes skill increases to level 11!
Roll where?
Press: ? - help, Dir - move target, f - boulder beetle
Aim: a boulder beetle (sparse dust, lightly wounded, rolling)
You roll forward with a clatter of scales!
You hit the boulder beetle.
You feel better.
You tail-slap the boulder beetle, but do no damage.
The boulder beetle is lightly wounded.
The boulder beetle hits you!!!
Ouch! That really hurt!
* * * LOW HITPOINT WARNING * * *
The boulder beetle stops rolling and uncurls.
The boulder beetle curls into a ball and begins rolling!
Unknown command.
Press: ? - help, Shift-Dir - straight line, f/p - boulder beetle
Aim: a boulder beetle (lightly wounded, chance to affect: 71%)
The boulder beetle struggles to resist.
The boulder beetle bites you!
* * * LOW HITPOINT WARNING * * *
Press: ? - help, Shift-Dir - straight line, f/p - boulder beetle
Aim: a boulder beetle (lightly wounded, chance to affect: 71%)
The boulder beetle is devoured by a tear in reality.
Lugonu claims a new guest.
Your Invocations skill increases to level 7!
You see here an ugly thing corpse.
It was a potion of degeneration.
There was something very wrong with that liquid.
You feel weakened.
You feel dopey.
You feel clumsy. The boulder beetle hits you!!
You die...

######### ######.......#
#............#####
#.#########.......
#.#!)[B°°$#.####..
#(○§.....##.# #..
#B#§......#.# ##.
####@#########.# #.
#..............#####.
#.########...........
######### #.# ####.###...)
#.......# #.# #.# ####.
#.......# ##.###########.#
#.
#.......###..............#
#.
#............###############
#. ##.......####.#
########...# #.


You could see a boulder beetle (rolling).

Vanquished Creatures
  2 ugly things (D:8)
  A cyclops (D:8)
  A gargoyle (D:7)
  An unseen horror (D:8)
  Grinder (D:3)
  A wraith (D:6)
  A vampire mosquito (D:8)
  Edmund (D:5)
  Duvessa (D:5)
  A water moccasin (D:4)
  An orc warrior (D:6)
  A black bear (D:6)
  A sky beast (D:6)
  4 ogres
  3 necrophages (D:6)
  2 centaurs
  A phantom (D:5)
  3 bullfrogs
  A gnoll sergeant (D:6)
  A scorpion (D:7)
  Dowan (D:5)
  A wyvern zombie (D:6)
  4 howler monkeys
  3 jellies
  2 centaur zombies
  2 hounds
  2 orc priests (D:8)
  2 centaur skeletons (D:7)
  Jessica (D:3)
  Natasha (thrice) (D:3)
  Terence (D:3)
  3 iguanas
  A scorpion zombie (D:5)
  4 orc wizards
  4 gnolls (D:6)
  7 adders
  2 shadow imps
  4 white imps
  An ufetubus (D:4)
  2 worms
  16 orcs
  21 ball pythons
  8 bats
  11 endoplasms
  18 giant cockroaches
  5 goblins
  2 hobgoblins
  10 jackals
  16 quokkas
  10 frilled lizards
  A jackal skeleton (D:8)
  6 kobolds
  4 rats
207 creatures vanquished.

Notes
Turn   | Place    | Note
-------+----------+-------------------------------------------
     0 | Abyss:1  | Hector the Palentonga Abyssal Knight began the quest for
                  | the Orb.
     0 | Abyss:1  | Reached XP level 1. HP: 19/19 MP: 2/2
    57 | Abyss:1  | Found a corrupted altar of Lugonu.
    77 | D:1      | Escaped the Abyss
   178 | D:1      | Reached XP level 2. HP: 24/25 MP: 3/3
   272 | D:1      | Reached skill level 3 in Axes
   453 | D:1      | Found a faded altar of an unknown god.
   747 | D:2      | Reached XP level 3. HP: 31/31 MP: 4/4
   806 | D:2      | Reached ** piety under Lugonu
  1190 | D:2      | Found Niaq's Magic Scroll Shop.
  1204 | D:2      | Reached skill level 4 in Axes
  1210 | D:2      | Bought a scroll of identify for 22 gold pieces
  1584 | D:2      | Reached XP level 4. HP: 36/37 MP: 5/5
  1972 | D:2      | Bought a scroll of teleportation for 33 gold pieces
  2092 | D:3      | Found a glowing drain.
  2115 | Sewer    | Entered a sewer
  2292 | Sewer    | Reached *** piety under Lugonu
  2360 | Sewer    | Reached XP level 5. HP: 32/43 MP: 6/6
  2624 | Sewer    | Reached skill level 5 in Axes
  2626 | Sewer    | Reached XP level 6. HP: 48/50 MP: 6/8
  2630 | Sewer    | Reached **** piety under Lugonu
  2762 | D:3      | Noticed Jessica
  2764 | D:3      | Noticed Grinder
  2765 | D:3      | Killed Jessica
  2765 | D:3      | Noticed Terence
  3049 | D:3      | Noticed Natasha
  3051 | D:3      | Killed Natasha
  3108 | D:3      | Noticed Natasha
  3117 | D:3      | Killed Natasha
  3179 | D:3      | Paralysed by Grinder for 4 turns
  3192 | D:3      | Killed Grinder
  3193 | D:3      | Reached skill level 6 in Axes
  3193 | D:3      | Gained mutation: You curl defensively after being hit.
                  | [Palentonga growth]
  3193 | D:3      | Reached XP level 7. HP: 39/55 MP: 9/9
  3308 | D:3      | Killed Terence
  3596 | D:3      | Noticed Natasha
  3599 | D:3      | Killed Natasha
  4004 | D:4      | Reached skill level 7 in Axes
  4387 | D:4      | Noticed Sigmund
  4396 | D:4      | Banished Sigmund
  4747 | D:4      | Found the +7 great mace "Undeadhunter" {disrupt, rN+}
  5002 | D:5      | Entered Level 5 of the Dungeon
  5054 | D:5      | Found a staircase to the Ecumenical Temple.
  5199 | D:5      | Reached XP level 8. HP: 46/64 MP: 9/11
  5584 | D:5      | Noticed Edmund
  5599 | D:5      | Killed Edmund
  5616 | D:5      | Reached skill level 8 in Axes
  5917 | D:5      | Noticed Dowan
  5918 | D:5      | Noticed Duvessa
  5938 | D:5      | Killed Duvessa
  5940 | D:5      | Killed Dowan
  6406 | D:6      | Reached skill level 5 in Armour
  6658 | D:6      | Reached XP level 9. HP: 51/70 MP: 12/12
  6826 | D:6      | Reached skill level 9 in Axes
  7128 | D:6      | Reached skill level 5 in Invocations
  7563 | D:6      | Reached ***** piety under Lugonu
  7910 | D:6      | Identified the +7 war axe "Ytivup" {vamp, rElec rPois Int-5
                  | Dex-5}
  8074 | D:7      | Noticed a gargoyle
  8347 | D:7      | Killed a gargoyle
  9024 | D:8      | Noticed Erica
  9026 | D:8      | Banished Erica
  9027 | D:8      | Reached skill level 5 in Fighting
  9027 | D:8      | Reached skill level 10 in Axes
  9027 | D:8      | Reached XP level 10. HP: 77/79 MP: 5/14
  9083 | D:8      | Identified a scroll of acquirement
  9358 | D:8      | Found a sparkling altar of Nemelex Xobeh.
  9375 | D:8      | Found a runed translucent door.
  9380 | D:8      | Found a basalt altar of Yredelemnul.
  9446 | D:8      | Noticed a green ugly thing
  9446 | D:8      | Noticed a cyan ugly thing
  9617 | D:8      | Noticed a boulder beetle
  9832 | D:8      | Noticed a boulder beetle
  9836 | D:8      | Noticed a cyclops
  9861 | D:8      | Killed a cyan ugly thing
  9873 | D:8      | Killed a green ugly thing
  9884 | D:8      | Killed a cyclops
  9885 | D:8      | Reached skill level 11 in Axes
  9887 | D:8      | Banished a boulder beetle
  9890 | D:8      | Annihilated by a boulder beetle

Illustrated notes

Levels and vault maps discovered:
D:1:      dpeg_arrival_three_bigger_balls, layout_rooms,
          ebering_ecumenical_altar_sacrificial
D:2:      layout_loops_cross, serial_shops, shop_statue
D:3:      layout_loops_ring, gup_sewer_entry_pipe, uniq_grinder, uniq_jessica,
          uniq_natasha, uniq_terence
D:4:      layout_cave_pods, minmay_misc_feat_tiny, minmay_misc_feat_hallway,
          minmay_unequal, uniq_sigmund
D:5:      layout_gridville, minmay_temple_entry_sparse_star, serial_glass,
          glass_columns_a, glass_columns_a, minmay_manual_maat, uniq_edmund,
          uniq_duvessa
D:6:      minmay_clustersquares, layout_cave_pods,
          minmay_misc_feat_four_crosses, moated_statue
D:7:      layout_basic
D:8:      layout_loops_ring, dk_yredelemnul_ordeal,
          nemelex_diamond_rough_becter, onia_ninara_dug_in_and_dangerous,
          uniq_erica

Skill      XL: |  1  2  3  4  5  6  7  8  9 10 |
---------------+-------------------------------+-----
Axes           | 3 4 5 6 7 8 10 11 | 11.4
Armour         | 2 3 5 7 |  7.8
Invocations    | 3 4 5 7 |  7.0
Fighting       | 4 5 |  5.4
Dodging        | |  0.7

Action                   |  1- 3 |  4- 6 |  7- 9 | 10-12 || total
-------------------------+-------+-------+-------+-------++-------
Melee: Hand axe          |   120 |   201 |   224 |       ||   545
       Tailslap          |     4 |    18 |    47 |    18 ||    87
       War axe           |       |       |    18 |    61 ||    79
Invok: Banish            |       |       |     3 |     2 ||     5
 Abil: Rolling Charge    |    22 |    44 |    49 |    11 ||   126
Evoke: Wand              |       |       |       |     1 ||     1
  Use: Scroll            |       |       |       |    12 ||    12
       Potion            |       |       |       |     1 ||     1
 Stab: Sleeping          |     1 |       |       |       ||     1
Armor: Leather armour    |    25 |       |       |       ||    25
       Crystal plate arm |    55 |   153 |   139 |    32 ||   379
Dodge: Dodged            |    40 |     2 |    22 |     7 ||    71

Table legend: (Time is in decaauts)
 A = Elapsed time spent in this place.
 B = Non-inter-level travel time spent in this place.
 C = Inter-level travel time spent in this place.
 D = Time resting spent in this place.
 E = Time spent auto-exploring this place.
 F = Levels seen in this place.
 G = Mean time per level.
                   A        B        C        D        E       F      G
               +--------+--------+--------+--------+--------+-----+--------+
         Total |  10034 |   8884 |   1150 |   1352 |   5711 |  10 | 1003.4 |
       Dungeon |   9224 |   8074 |   1150 |   1271 |   5316 |   8 | 1153.0 |
         Abyss |     77 |     77 |      0 |      0 |     61 |   1 |   77.0 |
         Sewer |    732 |    732 |      0 |     81 |    334 |   1 |  732.0 |
               +--------+--------+--------+--------+--------+-----+--------+

Top non-repeatable levels by time:
     D:6: 2130 daAuts
     D:4: 1208 daAuts
     D:3: 1156 daAuts
     D:1: 1066 daAuts
     D:5: 1017 daAuts
     D:2: 1006 daAuts
     D:8: 850 daAuts
     D:7: 787 daAuts
   Sewer: 732 daAuts
 Abyss:1: 77 daAuts
